PL
CHICAGO GOLD SOX @ BOSTON PATRIOTS
08/15/2021
 
TOP OF THE 1ST
Chicago Gold Sox batting - Pitching for Boston Patriots : RHP Tom Reynolds
Pitching: RHP Tom Reynolds
Batting: LHB Noel Ballard 0-0: Called Strike
0-1: Ball
1-1: Ball
2-1: Foul Ball, location: 2F
2-2: Ground out 6-3 (Groundball, 6)
Batting: LHB William Wise 0-0: Foul Ball, location: 2F
0-1: Ground out 4-3 (Groundball, 34)
Batting: LHB Herman Hayes 0-0: Ball
1-0: Ball
2-0: Foul Ball, location: 2F
2-1: Foul Ball, location: 2F
2-2: SINGLE (Flyball, 89S)
Batting: LHB Michael Neely 0-0: Called Strike
0-1: Swinging Strike
0-2: Ball
1-2: Ball
2-2: Ball
3-2: Base on Balls
Herman Hayes to second
Batting: LHB Do-hyung Nam 0-0: Foul Ball, location: 2F
0-1: Foul Ball, location: 2F
0-2: Foul Ball, location: 2F
0-2: Foul Ball, location: 2F
0-2: SINGLE (Groundball, 6MD)
Herman Hayes to third
Michael Neely to second
Runner from 3rd tries for Home, SAFE, no throw or cutoff
Batting: RHB Chris Smith 0-0: Ball
1-0: SINGLE (Line Drive, 6MD)
Michael Neely to third
Do-hyung Nam to second
Runner from 3rd tries for Home, SAFE, no throw or cutoff
Batting: RHB Tyrone Scott 0-0: Ground out 4-3 (Groundball, 4)
Top of the 1st over - 2 run(s), 3 hit(s), 0 error(s), 2 left on base; Chicago 2 - Boston 0
BOTTOM OF THE 1ST
Boston Patriots batting - Pitching for Chicago Gold Sox : RHP Raúl Areola
Pitching: RHP Raúl Areola
Batting: RHB Tommy Jones 0-0: Fly out, F4 (Popup, 4MD)
Batting: RHB Abílio Conceio 0-0: Ball
1-0: Called Strike
1-1: Ball
2-1: Ground out U3 (Groundball, 3)
Batting: LHB Chad Armstrong 0-0: Ball
1-0: Ball
2-0: SINGLE (Line Drive, 4MD)
Batting: RHB Wilfred McLaughlin 0-0: 2-RUN HOME RUN (Flyball, 7D), Distance : 402 ft
Batting: LHB Bill Chambers 0-0: Called Strike
0-1: Ball
1-1: Foul Ball, location: 2F
1-2: Ground out U3 (Groundball, 3L)
Bottom of the 1st over - 2 run(s), 2 hit(s), 0 error(s), 0 left on base; Chicago 2 - Boston 2
TOP OF THE 2ND
Chicago Gold Sox batting - Pitching for Boston Patriots : RHP Tom Reynolds
Batting: LHB Alfonso Martínez 0-0: Ball
1-0: Ground out 1-3 (Groundball, 25)
Batting: RHB David Edwards 0-0: Foul Ball, location: 2F
0-1: Ball
1-1: Swinging Strike
1-2: Ground out 4-3 (Groundball, 4)
Batting: LHB Noel Ballard 0-0: Ball
1-0: Foul Ball, location: 2F
1-1: Foul Ball, location: 2F
1-2: DOUBLE (Flyball, 9LM)
Batting: LHB William Wise 0-0: Called Strike
0-1: Ball
1-1: Swinging Strike
1-2: Strikes out looking
Top of the 2nd over - 0 run(s), 1 hit(s), 0 error(s), 1 left on base; Chicago 2 - Boston 2
BOTTOM OF THE 2ND
Boston Patriots batting - Pitching for Chicago Gold Sox : RHP Raúl Areola
Batting: LHB Emery Miller 0-0: Foul Ball, location: 2F
0-1: Swinging Strike
0-2: Ball
1-2: Ball
2-2: Strikes out looking
Batting: RHB Enrique Pérez 0-0: Ball
1-0: Ball
2-0: Called Strike
2-1: Swinging Strike
2-2: Strikes out looking
Batting: RHB Bob Heller 0-0: Ball
1-0: Ball
2-0: Ball
3-0: Called Strike
3-1: SOLO HOME RUN (Flyball, 78XD), Distance : 437 ft
Batting: RHB Tamasaburo Kato 0-0: Ball
1-0: Ball
2-0: Fly out, F9 (Flyball, 9S)
Bottom of the 2nd over - 1 run(s), 1 hit(s), 0 error(s), 0 left on base; Chicago 2 - Boston 3
TOP OF THE 3RD
Chicago Gold Sox batting - Pitching for Boston Patriots : RHP Tom Reynolds
Batting: LHB Herman Hayes 0-0: SINGLE (Line Drive, 6D)
Batting: LHB Michael Neely 0-0: Called Strike
0-1: Ball
1-1: Called Strike
1-2: Strikes out swinging
Batting: LHB Do-hyung Nam 0-0: Ball
Herman Hayes steals 2nd base
1-0: Ball
2-0: Ball
3-0: Called Strike
3-1: Base on Balls
Batting: RHB Chris Smith 0-0: Called Strike
0-1: Foul Ball, location: 2F
0-2: Ball
1-2: Grounds into double play, 6-4-3 (Groundball, 6)
Top of the 3rd over - 0 run(s), 1 hit(s), 0 error(s), 1 left on base; Chicago 2 - Boston 3
BOTTOM OF THE 3RD
Boston Patriots batting - Pitching for Chicago Gold Sox : RHP Raúl Areola
Batting: RHB Tommy Jones 0-0: Ball
1-0: Bunt for hit - play at first, batter OUT! 4-3
Batting: RHB Abílio Conceio 0-0: Ball
1-0: Ball
2-0: SINGLE (Flyball, 78S)
Batting: LHB Chad Armstrong 0-0: Ball
1-0: Foul Ball, location: 2F
1-1: Ball
2-1: Ball
3-1: DOUBLE (Line Drive, 89D)
Abílio Conceio to third
Runner from 3rd tries for Home, throw and OUT!
Batting: RHB Wilfred McLaughlin 0-0: Called Strike
0-1: Swinging Strike
0-2: Ball
1-2: Ball
2-2: Ball
3-2: Strikes out swinging
Bottom of the 3rd over - 0 run(s), 2 hit(s), 0 error(s), 1 left on base; Chicago 2 - Boston 3
TOP OF THE 4TH
Chicago Gold Sox batting - Pitching for Boston Patriots : RHP Tom Reynolds
Batting: RHB Tyrone Scott 0-0: Ball
1-0: Foul Ball, location: 2F
1-1: Ball
2-1: Ground out 6-3 (Groundball, 6)
Batting: LHB Alfonso Martínez 0-0: DOUBLE (Line Drive, 3L)
Batting: RHB David Edwards 0-0: Foul Ball, location: 2F
0-1: SINGLE (Line Drive, 6MD)
Alfonso Martínez to third
Batting: LHB Noel Ballard 0-0: Ball
1-0: Foul Ball, location: 2F
1-1: Ball
2-1: Foul Ball, location: 2F
2-2: Ball
3-2: SINGLE (Groundball, 34D) (infield hit)
Alfonso Martínez scores
David Edwards to second
Batting: LHB William Wise 0-0: Ball
1-0: Called Strike
1-1: Swinging Strike
1-2: DOUBLE (Line Drive, 3)
David Edwards scores
Noel Ballard to third
Batting: LHB Herman Hayes 0-0: Ball
1-0: Foul Ball, location: 2F
1-1: Ball
2-1: Called Strike
2-2: Foul Ball, location: 2F
2-2: Strikes out swinging
Batting: LHB Michael Neely 0-0: Ball
1-0: SINGLE (Groundball, 34D)
Noel Ballard scores
William Wise to third
Runner from 3rd tries for Home, SAFE, no throw or cutoff
Batting: LHB Do-hyung Nam 0-0: Fly out, F9 (Flyball, 89S)
Top of the 4th over - 4 run(s), 5 hit(s), 0 error(s), 1 left on base; Chicago 6 - Boston 3
BOTTOM OF THE 4TH
Boston Patriots batting - Pitching for Chicago Gold Sox : RHP Raúl Areola
Batting: LHB Bill Chambers 0-0: Ball
1-0: Ball
2-0: Swinging Strike
2-1: Foul Ball, location: 2F
2-2: Strikes out looking
Batting: LHB Emery Miller 0-0: Ball
1-0: Called Strike
1-1: Foul Ball, location: 2F
1-2: Strikes out swinging
Batting: RHB Enrique Pérez 0-0: Swinging Strike
0-1: Ball
1-1: Swinging Strike
1-2: Strikes out looking
Bottom of the 4th over - 0 run(s), 0 hit(s), 0 error(s), 0 left on base; Chicago 6 - Boston 3
TOP OF THE 5TH
Chicago Gold Sox batting - Pitching for Boston Patriots : RHP Tom Reynolds
Batting: RHB Chris Smith 0-0: Called Strike
0-1: Swinging Strike
0-2: Ball
1-2: Strikes out swinging
Batting: RHB Tyrone Scott 0-0: Fly out, F4 (Popup, 8RS)
Batting: LHB Alfonso Martínez 0-0: Swinging Strike
0-1: Foul Ball, location: 2F
0-2: Ball
1-2: Ball
2-2: Fly out, F9 (Flyball, 89M)
Top of the 5th over - 0 run(s), 0 hit(s), 0 error(s), 0 left on base; Chicago 6 - Boston 3
BOTTOM OF THE 5TH
Boston Patriots batting - Pitching for Chicago Gold Sox : RHP Raúl Areola
Batting: RHB Bob Heller 0-0: Called Strike
0-1: Foul Ball, location: 2F
0-2: Fly out, F7 (Flyball, 7LMF)
Batting: RHB Tamasaburo Kato 0-0: Called Strike
0-1: Foul Ball, location: 2F
0-2: Strikes out swinging
Batting: RHB Tommy Jones 0-0: Foul Ball, location: 2F
0-1: Foul Ball, location: 2F
0-2: Foul Ball, location: 2F
0-2: SINGLE (Groundball, 56D)
Batting: RHB Abílio Conceio 0-0: Called Strike
Throwing error on steal attempt, E2
Tommy Jones to third
0-1: Foul Ball, location: 2F
0-2: DOUBLE (Flyball, 89D)
Tommy Jones scores
Batting: LHB Chad Armstrong 0-0: Ball
1-0: Swinging Strike
1-1: Swinging Strike
1-2: Strikes out looking
Bottom of the 5th over - 1 run(s), 2 hit(s), 1 error(s), 1 left on base; Chicago 6 - Boston 4
TOP OF THE 6TH
Chicago Gold Sox batting - Pitching for Boston Patriots : RHP Tom Reynolds
Batting: RHB David Edwards 0-0: Ball
1-0: Ball
2-0: Called Strike
2-1: Ball
3-1: Called Strike
3-2: SINGLE (Groundball, 5L)
Batting: LHB Noel Ballard 0-0: Ball
1-0: Foul Ball, location: 2F
1-1: Foul Ball, location: 2F
1-2: Ball
2-2: Foul Ball, location: 2F
2-2: Fielders Choice at 2nd, 6-4 (Groundball, 6M)
Batting: LHB William Wise 0-0: Ball
1-0: Ball
2-0: Ground out 3-1 (Groundball, 34S)
Noel Ballard to second
Batting: LHB Herman Hayes 0-0: Called Strike
0-1: Foul Ball, location: 2F
0-2: Ground out U3 (Groundball, 3L)
Top of the 6th over - 0 run(s), 1 hit(s), 0 error(s), 1 left on base; Chicago 6 - Boston 4
BOTTOM OF THE 6TH
Boston Patriots batting - Pitching for Chicago Gold Sox : RHP Raúl Areola
Batting: RHB Wilfred McLaughlin 0-0: Ball
1-0: Called Strike
1-1: Foul Ball, location: 2F
1-2: Foul Ball, location: 2F
1-2: SINGLE (Groundball, 5L)
Batting: LHB Bill Chambers 0-0: Ball
1-0: Swinging Strike
1-1: Swinging Strike
1-2: Strikes out swinging
Batting: LHB Emery Miller 0-0: Ball
1-0: Ball
2-0: SINGLE (Line Drive, 8RS)
Wilfred McLaughlin to second
Batting: RHB Enrique Pérez 0-0: Ball
1-0: 3-RUN HOME RUN (Flyball, 78XD), Distance : 439 ft
Pitching: LHP Juan Júlio
Batting: RHB Bob Heller 0-0: Swinging Strike
0-1: Called Strike
0-2: Ball
1-2: Strikes out swinging
Batting: RHB Tamasaburo Kato 0-0: Fly out, F9 (Flyball, 9M)
Bottom of the 6th over - 3 run(s), 3 hit(s), 0 error(s), 0 left on base; Chicago 6 - Boston 7
TOP OF THE 7TH
Chicago Gold Sox batting - Pitching for Boston Patriots : RHP Tom Reynolds
Batting: LHB Michael Neely 0-0: Called Strike
0-1: Ball
1-1: Ball
2-1: Ball
3-1: Foul Ball, location: 2F
3-2: Fly out, F8 (Flyball, 8RD)
Batting: LHB Do-hyung Nam 0-0: Swinging Strike
0-1: Swinging Strike
0-2: Ground out 6-3 (Groundball, 6M)
Batting: RHB Chris Smith 0-0: Ball
1-0: Fly out, F4 (Line Drive, 4)
Top of the 7th over - 0 run(s), 0 hit(s), 0 error(s), 0 left on base; Chicago 6 - Boston 7
BOTTOM OF THE 7TH
Boston Patriots batting - Pitching for Chicago Gold Sox : LHP Juan Júlio
Batting: RHB Tommy Jones 0-0: Called Strike
0-1: Ball
1-1: Foul Ball, location: 2F
1-2: Ground out 5-3 (Groundball, 5)
Batting: RHB Abílio Conceio 0-0: Ball
1-0: Ball
2-0: Ball
3-0: Base on Balls
Batting: LHB Chad Armstrong 0-0: SINGLE (Flyball, 8RS)
Abílio Conceio to second
Batting: RHB Wilfred McLaughlin 0-0: Foul Ball, location: 2F
0-1: Ball
1-1: Ball
2-1: Foul Ball, location: 2F
2-2: Ball
3-2: Strikes out looking
Batting: LHB Bill Chambers 0-0: Called Strike
0-1: Swinging Strike
0-2: Fly out, F8 (Flyball, 8RS)
Bottom of the 7th over - 0 run(s), 1 hit(s), 0 error(s), 2 left on base; Chicago 6 - Boston 7
TOP OF THE 8TH
Chicago Gold Sox batting - Pitching for Boston Patriots : RHP Tom Reynolds
Batting: RHB Tyrone Scott 0-0: Ball
1-0: Called Strike
1-1: Foul Ball, location: 2F
1-2: DOUBLE (Line Drive, 7LS)
Pitching: LHP Jesús Caldero
Batting: LHB Alfonso Martínez 0-0: Called Strike
0-1: Ball
1-1: SINGLE (Groundball, 4MD)
Tyrone Scott to third
Runner from 3rd tries for Home, SAFE, no throw or cutoff
Batting: RHB David Edwards 0-0: Reached on error, E1 (Groundball, 13)
Alfonso Martínez to third
Batting: LHB Noel Ballard 0-0: Intentional Walk
Batting: LHB William Wise 0-0: Ball
1-0: Foul Ball, location: 2F
1-1: Foul Ball, location: 2F
1-2: Ball
2-2: Strikes out swinging
Batting: LHB Herman Hayes 0-0: Ball
1-0: Ball
2-0: Ball
3-0: Base on Balls
Alfonso Martínez scores
David Edwards to third
Noel Ballard to second
Batting: LHB Michael Neely 0-0: Ball
1-0: Foul Ball, location: 2F
1-1: Foul Ball, location: 2F
1-2: Grounds into double play, 4-6-3 (Groundball, 4)
Top of the 8th over - 2 run(s), 2 hit(s), 1 error(s), 2 left on base; Chicago 8 - Boston 7
BOTTOM OF THE 8TH
Boston Patriots batting - Pitching for Chicago Gold Sox : LHP Juan Júlio
Now at 3B: Jack Mason
Batting: LHB Emery Miller 0-0: Called Strike
0-1: Ball
1-1: Foul Ball, location: 2F
1-2: Foul Ball, location: 2F
1-2: Ball
2-2: Strikes out swinging
Pitching: RHP Makoto Kato
Batting: RHB Enrique Pérez 0-0: Foul Ball, location: 2F
0-1: Ball
1-1: Foul Ball, location: 2F
1-2: Strikes out swinging
Batting: RHB Bob Heller 0-0: Ball
1-0: SOLO HOME RUN (Flyball, 7LD), Distance : 359 ft
Batting: RHB Tamasaburo Kato 0-0: Swinging Strike
0-1: Foul Ball, location: 2F
0-2: Fly out, F8 (Flyball, 8RM)
Bottom of the 8th over - 1 run(s), 1 hit(s), 0 error(s), 0 left on base; Chicago 8 - Boston 8
TOP OF THE 9TH
Chicago Gold Sox batting - Pitching for Boston Patriots : LHP Jesús Caldero
Pitching: LHP John Coleman
Batting: LHB Do-hyung Nam 0-0: Ground out 1-3 (Groundball, 25)
Batting: RHB Chris Smith 0-0: SOLO HOME RUN (Flyball, 78XD), Distance : 425 ft
Batting: RHB Tyrone Scott 0-0: Ball
1-0: Ball
2-0: Ball
3-0: Called Strike
3-1: Fly out, F9 (Flyball, 9D)
Batting: LHB Alfonso Martínez 0-0: Ground out 4-3 (Groundball, 4)
Top of the 9th over - 1 run(s), 1 hit(s), 0 error(s), 0 left on base; Chicago 9 - Boston 8
BOTTOM OF THE 9TH
Boston Patriots batting - Pitching for Chicago Gold Sox : RHP Makoto Kato
Pitching: LHP Motoyuki Nakamura
Now at C: Earnest Veeck
Now in RF: Daryl Lloyd
Batting: RHB Tommy Jones 0-0: Ball
1-0: Called Strike
1-1: SOLO HOME RUN (Flyball, 7D), Distance : 378 ft
Batting: RHB Abílio Conceio 0-0: Called Strike
0-1: Foul Ball, location: 2F
0-2: Ground out 6-3 (Groundball, 6)
Batting: LHB Chad Armstrong 0-0: Fly out, F9 (Line Drive, 89D)
Batting: RHB Wilfred McLaughlin 0-0: Called Strike
0-1: Fly out, F3 (Popup, 3SF)
Bottom of the 9th over - 1 run(s), 1 hit(s), 0 error(s), 0 left on base; Chicago 9 - Boston 9
TOP OF THE 10TH
Chicago Gold Sox batting - Pitching for Boston Patriots : LHP John Coleman
Batting: SHB Daryl Lloyd 0-0: Ball
1-0: Called Strike
1-1: Swinging Strike
1-2: Strikes out swinging
Batting: LHB Noel Ballard 0-0: Called Strike
0-1: Ground out 5-3 (Groundball, 5S)
Batting: LHB William Wise 0-0: Ball
1-0: Ball
2-0: Fly out, F7 (Line Drive, 7LM)
Top of the 10th over - 0 run(s), 0 hit(s), 0 error(s), 0 left on base; Chicago 9 - Boston 9
BOTTOM OF THE 10TH
Boston Patriots batting - Pitching for Chicago Gold Sox : LHP Motoyuki Nakamura
Batting: LHB Bill Chambers 0-0: Called Strike
0-1: Foul Ball, location: 2F
0-2: Ball
1-2: Foul Ball, location: 2F
1-2: Fly out, F8 (Flyball, 8LM)
Pinch Hitting: RHB John MacGregor 0-0: Fly out, F8 (Flyball, 8RD)
Batting: RHB Enrique Pérez 0-0: Ball
1-0: Foul Ball, location: 2F
1-1: Fly out, F3 (Popup, 3F)
Bottom of the 10th over - 0 run(s), 0 hit(s), 0 error(s), 0 left on base; Chicago 9 - Boston 9
TOP OF THE 11TH
Chicago Gold Sox batting - Pitching for Boston Patriots : LHP John Coleman
Now in LF: Jake Shelton
Pinch Hitting: LHB Chris Hill 0-0: Called Strike
0-1: Fly out, F5 (Popup, 15)
Batting: LHB Michael Neely 0-0: Ball
1-0: Swinging Strike
1-1: Swinging Strike
1-2: Strikes out swinging
Batting: RHB Earnest Veeck 0-0: Ball
1-0: Foul Ball, location: 2F
1-1: Ball
2-1: Fly out, F4 (Popup, 6MD)
Top of the 11th over - 0 run(s), 0 hit(s), 0 error(s), 0 left on base; Chicago 9 - Boston 9
BOTTOM OF THE 11TH
Boston Patriots batting - Pitching for Chicago Gold Sox : LHP Motoyuki Nakamura
Pitching: RHP Esteban Arroyo
Now at SS: Rod Jones
Batting: RHB Bob Heller 0-0: Ball
1-0: Foul Ball, location: 2F
1-1: Ball
2-1: Ball
3-1: Base on Balls
Batting: RHB Tamasaburo Kato 0-0: Swinging Strike
0-1: Ball
1-1: Ball
2-1: Ball
3-1: Base on Balls
Bob Heller to second
Batting: RHB Tommy Jones 0-0: Foul Ball, location: 2F
0-1: Ball
1-1: Foul Ball, location: 2F
1-2: 3-RUN HOME RUN (Line Drive, 78XD), Distance : 419 ft
This league is powered by Out of the Park Baseball, the baseball management simulation game for PC, Mac and Linux
Friday, January 22nd, 2016 - OOTP Baseball 16.9 Build 39